AoeStats
← Dark Woinic

Nomad

507444911Analyzed
3v3 RM · 14d ago on Sep 18, 2026· 50m 8s· 6 players
Game mode
Random Map
Map size
210×210
Population
200
Speed
Normal
Resources
Standard
Victory
Conquest
Starting age
Dark Age
Ending age
Imperial Age
RankedLock teamsTeams togetherTeam positionsShared explorationLock speedFull tech treeHidden civsTurbo modeCheats
Victory
Defeat
🇩🇪 Italians · Germany
1134
+10
🇫🇷 Persians · France
1101
+11
🇪🇸 Spanish · Spain
939
+18
🇹🇼 Wu · Taiwan
1025
-14
🇳🇿 Koreans · New Zealand
999
-13
🇬🇷 Chinese · Greece
962
-12
Mr.Wu
5:16 Loom
15:07 Feudal Age
18:12 Double-Bit Axe
18:26 Fletching
24:38 Castle Age
24:21 Horse Collar
27:19 Elite Skirmisher
30:22 Bodkin Arrow
34:24 Padded Archer Armor
35:34 Pikeman
37:05 Squires
37:18 Forging
39:55 Bow Saw
43:37 Scale Barding Armor
44:01 Husbandry
44:11 Bloodlines
44:44 Bloodlines
45:56 Chain Barding Armor
Dallakos
3:25 Loom
13:15 Feudal Age
13:39 Horse Collar
17:03 Double-Bit Axe
23:36 Castle Age
24:39 Bloodlines
25:32 Wheelbarrow
25:25 Forging
25:21 Scale Barding Armor
25:44 Bow Saw
26:05 Heavy Plow
28:17 Stone Mining
28:45 Town Watch
29:59 Hand Cart
31:47 Fletching
33:45 Ballistics
34:08 Bodkin Arrow
35:26 Thumb Ring
35:26 Padded Archer Armor
36:32 Gold Mining
36:28 Elite Skirmisher
41:17 Imperial Age
39:59 Leather Archer Armor
41:43 Pikeman
Abetterhandle
3:53 Loom
4:53 Loom
14:06 Feudal Age
14:33 Double-Bit Axe
20:54 Castle Age
18:57 Stone Mining
20:37 Fletching
25:15 Gold Mining
28:39 Bodkin Arrow
32:17 Imperial Age
30:38 Town Watch
31:19 Ballistics
36:14 Horse Collar
35:58 Elite Skirmisher
36:44 Thumb Ring
38:51 Crossbowman
39:46 Clinker Construction
39:46 Careening
39:46 Clinker Construction
39:47 Careening
42:11 Eupseong
42:34 Conscription
42:40 Bracer
46:29 Arbalester
49:07 Forging
48:58 Scale Mail Armor
purry999
13:14 Feudal Age
21:12 Castle Age
19:49 Double-Bit Axe
20:14 Horse Collar
22:32 Bow Saw
24:28 Stone Mining
26:29 Fletching
27:44 Bodkin Arrow
30:08 Wheelbarrow
31:12 Gold Mining
35:52 Hand Cart
Dark Woinic
7:49 Loom
14:52 Feudal Age
16:26 Man-at-Arms
25:03 Castle Age
23:50 Arson
25:07 Long Swordsman
34:35 Fletching
41:28 Imperial Age
39:42 Wheelbarrow
40:10 Scale Barding Armor
40:58 Bloodlines
41:08 Husbandry
41:55 Cavalier
43:09 Forging
46:36 Chain Barding Armor
49:28 Plate Barding Armor
Mr. FU
5:24 Loom
15:05 Feudal Age
19:28 Castle Age
17:46 Double-Bit Axe
18:16 Stone Mining
19:30 Fletching
19:41 Padded Archer Armor
20:41 Bodkin Arrow
22:51 Bow Saw
22:41 Gold Mining
23:20 Squires
23:07 Horse Collar
25:52 Leather Archer Armor
27:21 Ballistics
27:49 Thumb Ring
29:02 Heavy Plow
29:27 Masonry
31:39 Treadmill Crane
34:46 Imperial Age
34:27 Wheelbarrow
34:41 Forging
34:37 Scale Barding Armor
35:28 Stone Shaft Mining
34:42 Light Cavalry
36:35 Chemistry
35:56 Hand Cart
35:55 Bloodlines
35:56 Husbandry
35:58 Hussar
37:58 Chain Barding Armor
38:31 Conscription
40:11 Plate Barding Armor
42:47 Iron Casting
45:39 Hoardings
45:37 Architecture
46:49 Crop Rotation
47:22 Two-Man Saw
47:40 Elite Genoese Crossbowman
50:54 Blast Furnace
49:55 Bracer
Connection lost

Rejoining the realm…

Still unreachable

The connection could not be restored.

Session expired

The server has moved on; the page needs a fresh start.